 Dungeon Crawl Stone Soup version 0.31-a0-889-g1a8549509d (webtiles) character file.

Game seed: 7775691690570076844

9 Kurtz the Sneak (level 2, 0/28 HPs)
             Began as a Naga Delver on Oct 16, 2023.
             Slain by a sleepcap (5 damage)
             ... on level 4 of the Dungeon.
             The game lasted 00:00:43 (313 turns).

Kurtz the Sneak (Naga Delver)                        Turns: 313, Time: 00:00:44

Health: 0/28       AC:  3    Str: 14    XL:     2   Next: 12%
Magic:  2/2        EV:  9    Int:  8    God:
Gold:   23         SH:  0    Dex: 12    Spells: 1/1 levels left

rFire   . . .        a - +0 hand axe
rCold   + . .        (no shield)
rNeg    . . .        b - +0 leather armour
rPois   +            i - +0 helmet of Mirth {rC+ rCorr Int-2}
rElec   .            (no cloak)
rCorr   +            (no gloves)
SInv    +            (no barding)
Will    .....        (no amulet)
Stlth   +++          (no ring)
HPRegen 0.24/turn    (no ring)
MPRegen 0.08/turn

%: no passive effects
@: hasted, quick
A: AC +0, large, see invisible, deformed body, poison resistance, slowness 2,
spit poison 1, naga tail 1
a: Spit Poison


You were on level 4 of the Dungeon.
You visited 2 branches of the dungeon, and saw 3 of its levels.

You collected 23 gold pieces.

Inventory:

Hand Weapons
 a - a +0 hand axe (weapon)
Armour
 b - a +0 leather armour (worn)
 i - the +0 helmet of Mirth (worn) {rC+ rCorr Int-2}
   (You found it on level 4 of the Dungeon)

   Int-2:     It affects your intelligence (-2).
   rC+:       It protects you from cold.
   rCorr:     It protects you from acid and corrosion.
Wands
 g - a wand of digging (3)
Scrolls
 c - a scroll of fog
 d - a scroll of revelation
 e - a scroll of fear
 h - a scroll of identify {unknown}


   Skills:
 - Level 3.0 Fighting
 * Level 2.8 Axes
 - Level 1.5 Dodging
 - Level 7.2 Stealth


You had one spell level left.
You didn't know any spells.
Your spell library was empty.

Dungeon Overview and Level Annotations

Branches:
Dungeon (5/15)             Temple (1/1) D:4

Altars:
Ashenzari
Cheibriados
Dithmenos
Fedhas
Gozag
Hepliaklqana
Kikubaaqudgha
Makhleb
Nemelex Xobeh
Qazlal
Ru
Sif Muna
Trog
Uskayaw
Vehumet
Xom
Yredelemnul
Zin
The Shining One

Annotations:
D:5 exclusion: scorpion


Innate Abilities, Weirdness & Mutations

Your serpentine skin is tough. (AC +0)
You have supernaturally acute eyesight. (SInv)
Armour fits poorly on your strangely shaped body.
Your system is resistant to poisons. (rPois)
You cover ground very slowly.
You can spit poison.
You have a snake-like lower body.


Message History

Aim: a sleepcap (100% to hit)
The splash of poison hits the sleepcap.
The sleepcap is lightly damaged.
Unknown command.
Okay, then.
You feel yourself speed up.
You hit the sleepcap.
The sleepcap is moderately damaged.
The sleepcap releases spores at you.
You hit the sleepcap but do no damage.
The sleepcap is moderately damaged.
The sleepcap releases spores at you!
You are engulfed in a cloud of soporific spores!
You fall asleep.
The sleepcap releases spores at you but does no damage.
You have got your breath back.
The sleepcap releases spores at you.
You wake up.
You hit the sleepcap but do no damage.
The sleepcap is moderately damaged.
The sleepcap releases spores at you.
You hit the sleepcap.
The sleepcap is heavily damaged.
You hit the sleepcap.
The sleepcap is severely damaged.
The sleepcap barely misses you.
Unknown command.
You hit the sleepcap.
The sleepcap is severely damaged.
The sleepcap releases spores at you.
You are engulfed in a cloud of soporific spores!
You are unaffected.
Unknown command.
You completely miss the sleepcap.
The sleepcap is severely damaged.
The sleepcap releases spores at you.
* * * LOW HITPOINT WARNING * * *
You hit the sleepcap but do no damage.
The sleepcap is severely damaged.
The sleepcap releases spores at you.
You die...

....#..#.# #.#
..#.#....# #.#
##...#..## #.#
.......## #.#
...##..# #.#
##....## #.#
###.## #.# ###.#
#f#
#...###########@#
#.........).....#
##...#############
....># #(...#
##...# #####


You could see a sleepcap.

Vanquished Creatures
  An adder (D:5)
1 creature vanquished.

Notes
Turn   | Place    | Note
-------+----------+-------------------------------------------
     0 | D:5      | Kurtz the Naga Delver began the quest for the Orb.
     0 | D:5      | Reached XP level 1. HP: 21/21 MP: 1/1
    27 | D:5      | Reached XP level 2. HP: 23/28 MP: 2/2
   103 | D:5      | Noticed a scorpion
   195 | D:4      | Found a staircase to the Ecumenical Temple.
   214 | D:4      | Identified the +0 helmet of Mirth {rC+ rCorr Int-2}
   232 | Temple   | Entered the Ecumenical Temple
   313 | D:4      | Slain by a sleepcap

Illustrated notes

Levels and vault maps discovered:
D:4:      layout_loops_ring, nicolae_wu_jian_immortal_techniques,
          minmay_temple_entry_mini_moons, serial_shops, kennysheep_mini_moat,
          minmay_lizard_king
D:5:      layout_basic
Temple:   nicolae_temple_bog_church

Action                     || total
---------------------------++-------
  Melee: Hand axe          ||    13
Ability: Spit Poison       ||     1
    Use: Potion            ||     1
 Armour: Leather armour    ||    12
  Dodge: Dodged            ||     5

Table legend: (Time is in decaauts)
 A = Elapsed time spent in this place.
 B = Non-inter-level travel time spent in this place.
 C = Inter-level travel time spent in this place.
 D = Time resting spent in this place.
 E = Time spent auto-exploring this place.
 F = Levels seen in this place.
 G = Mean time per level.
                   A        B        C        D        E       F      G
               +--------+--------+--------+--------+--------+-----+--------+
         Total |    416 |    353 |     63 |     21 |    224 |   3 |  138.7 |
       Dungeon |    364 |    328 |     36 |     21 |    224 |   2 |  182.0 |
        Temple |     52 |     26 |     26 |      0 |      0 |   1 |   52.0 |
               +--------+--------+--------+--------+--------+-----+--------+

Top non-repeatable levels by time:
     D:5: 248 daAuts
     D:4: 116 daAuts
  Temple: 52 daAuts
